 Dungeon Crawl Stone Soup version 0.22.1-1-ga44c0e5 (webtiles) character file.

49 yevrey the Sneak (level 3, 0/24 HPs)
             Began as a Vampire Enchanter on Sept 25, 2018.
             Killed from afar by an orc wizard (5 damage)
             ... with a magic dart
             ... on level 2 of the Dungeon.
             The game lasted 00:05:20 (997 turns).

yevrey the Sneak (Vampire Enchanter)                 Turns: 997, Time: 00:05:21

Health: 0/24       AC:  2    Str: 12    XL:     3   Next: 53%
Magic:  1/6        EV: 13    Int: 18    God:
Gold:   41         SH:  0    Dex: 14    Spells: 3/6 levels left

rFire    . . .     SeeInvis +   a - +1 dagger
rCold    . . .     Gourm    .   (no shield)
rNeg     . . .     Faith    .   b - +0 robe
rPois    .         Spirit   .   (no helmet)
rElec    .         Reflect  .   (no cloak)
rCorr    .         Harm     .   (no gloves)
MR       .....                  (no boots)
Stlth    +++.......             (no amulet)
HPRegen  0.28/turn              (no ring)
MPRegen  0.10/turn              (no ring)

@: mighty, regenerating quickly
A: fangs 3, see invisible, unbreathing
a: no special abilities


You were on level 2 of the Dungeon.
You were very full.

You visited 1 branch of the dungeon, and saw 3 of its levels.

You collected 41 gold pieces.

Inventory:

Hand Weapons
 a - a +1 dagger (weapon)
 c - a cursed -2 short sword
Armour
 b - a +0 robe (worn)
Jewellery
 f - a cursed ring of teleportation {unknown}
Scrolls
 i - 2 scrolls of remove curse {unknown}
 j - 2 scrolls of identify {unknown}
 l - a scroll of teleportation {unknown}
 m - a scroll of enchant armour {unknown}
Potions
 d - 11 potions of blood
 e - a potion of ambrosia {unknown}
 g - a potion of lignification {unknown}
 h - 2 potions of curing {unknown}
 k - 2 potions of might
 n - 2 potions of brilliance {unknown}
 o - 2 potions of berserk rage {unknown}


   Skills:
 + Level 0.1 Fighting
 + Level 1.6 Short Blades
 + Level 2.3 Dodging
 + Level 5.6 Stealth
 + Level 2.4 Spellcasting
 + Level 4.9 Hexes
 + Level 0.1 Ice Magic


You had 3 spell levels left.
You knew the following spells:

 Your Spells              Type           Power        Failure   Level  Hunger
a - Corona                Hex            ###....      2%          1    #......
b - Ensorcelled Hibernat  Hex/Ice        ##....       10%         2    ##.....

Your spell library contained the following spells:

 Spells                   Type           Power        Failure   Level  Hunger
 Confuse                  Hex            ###.....     7%          3    ###....
 Tukima's Dance           Hex            ###.....     7%          3    ###....
 Dazzling Spray           Conj/Hex       ##....       19%         3    ###....


Dungeon Overview and Level Annotations

Branches:
Dungeon (3/15)

Altars:


Innate Abilities, Weirdness & Mutations

Your natural rate of healing is unusually fast.
You have razor-sharp teeth.
You have supernaturally acute eyesight. (SInv)
You can survive without breathing.


Message History

The helpless orc fails to defend itself.
You impale the orc!!
You kill the orc!
The orc wizard casts a spell.
The orc wizard blinks!
Okay, then.
Okay, then.
It was a potion of might.
You feel very mighty all of a sudden.
The orc wizard casts a spell.
The orc wizard seems to speed up.
Okay, then.
The orc wizard closely misses you.
The orc wizard casts a spell.
The orc wizard blinks!
The orc wizard gestures wildly while chanting.
The orc wizard blinks!
The orc wizard casts a spell at you. The magic dart hits you!
You die...

...o.#....# ###..###..#
#§w#...# #........## #.....#
#.)......# #..(###
#.......##
#o....###########.......###
#.###.............#####....
##.)#########............###
#...#########......####...
......#.)(.w...@o......#
###.#
..###############...>..# ...
#.......%.# ##. ...........#
# .....#......#
.############


You could see a worm and an orc wizard.

Vanquished Creatures
  An adder (D:2)
  A worm (D:2)
  2 orcs (D:2)
  3 giant cockroaches
  4 hobgoblins
  2 ball pythons
  6 bats
  2 frilled lizards (D:1)
  9 goblins
  4 kobolds
  4 rats
38 creatures vanquished.

Notes
Turn   | Place    | Note
-------+----------+-------------------------------------------
     0 | D:1      | yevrey the Vampire Enchanter began the quest for the Orb.
     0 | D:1      | Reached XP level 1. HP: 13/13 MP: 3/3
   229 | D:1      | Reached XP level 2. HP: 2/19 MP: 0/5
   286 | D:1      | Learned a level 2 spell: Ensorcelled Hibernation
   484 | D:1      | Reached skill level 5 in Stealth
   669 | D:2      | Reached XP level 3. HP: 24/24 MP: 1/6
   684 | D:2      | Noticed a sky beast
   997 | D:2      | Killed from afar by an orc wizard

Skill      XL: |  1  2 |
---------------+-------+-----
Stealth        | 5 |  5.6
Fighting       | |  0.1
Short Blades   | |  1.6
Dodging        | |  2.3
Spellcasting   | |  2.4
Hexes          | |  4.9
Ice Magic      | |  0.1

Action                   || total
-------------------------++-------
Melee: Dagger            ||   104
       Bite              ||     3
 Cast: Corona            ||     6
       Ensorcelled Hiber ||    12
  Use: Potion            ||     1
 Stab: Sleeping          ||    16
       Distracted        ||     1
  Eat: Corpse            ||    11
Armor: Robe              ||    34
Dodge: Dodged            ||    74
